 Dungeon Crawl Stone Soup version 0.29.1-12-g30fa7ad0bf (webtiles) character file.

Game seed: 5517512354281603391

56038 fishmans the Basher (level 14, -19/92 HPs)
             Began as a Gargoyle Fighter on Jan 4, 2023.
             Was a High Priest of Okawaru.
             Demolished by a titanic slime creature (38 damage)
             ... on level 12 of the Dungeon.
             The game lasted 01:44:51 (25824 turns).

fishmans the Basher (Gargoyle Fighter)             Turns: 25824, Time: 01:44:52

Health: -19/92     AC: 49    Str: 22    XL:     14   Next: 80%
Magic:  11/18      EV: 10    Int: 12    God:    Okawaru [*****.]
Gold:   911        SH:  6    Dex:  9    Spells: 8/13 levels left

rFire   . . .      SeeInvis .   W - +2 morningstar (holy)
rCold   . . .      Faith    .   c - +0 buckler
rNeg    + . .      Spirit   .   S - +11 shadow dragon scales "Ufouge" {rCorr Stlth++++}
rPois   ∞          Reflect  .   R - +2 hat
rElec   +          Harm     .   (no cloak)
rCorr   +          Rampage  .   a - +0 pair of gloves
Will    +....                   i - +0 pair of boots
Stlth   +++++.....              (no amulet)
HPRegen 0.25/turn               M - +4 ring of slaying
MPRegen 0.16/turn               z - +4 ring of protection

@: heroic, finesse-ful, flying
A: sickness immunity, AC +10, big wings, negative energy resistance 1,
electricity resistance, torment resistance 1, petrification resistance
a: Renounce Religion, Heroism, Finesse, Duel


You were on level 12 of the Dungeon.
You worshipped Okawaru.
Okawaru was extremely pleased with you.
You visited 3 branches of the dungeon, and saw 18 of its levels.
You also visited: Sewer and Bailey.

You collected 1210 gold pieces.
You spent 299 gold pieces at shops.

Inventory:

Hand Weapons
 W - a +2 morningstar of holy wrath (weapon)
Missiles
 e - 3 throwing nets
 j - 24 poisoned darts (quivered)
 G - 9 boomerangs
 Q - 4 curare-tipped darts
 Y - 2 atropa-tipped darts
Armour
 a - a +0 pair of gloves (worn)
 c - a +0 buckler (worn)
 i - a +0 pair of boots (worn)
 R - a +2 hat (worn)
 S - the +11 shadow dragon scales "Ufouge" (worn) {rCorr Stlth++++}
   (Okawaru gifted it to you on level 1 of the Lair of Beasts)

   rCorr:     It protects you from acid and corrosion.
   Stlth:     It makes you much more stealthy.
Jewellery
 b - a ring of magical power
 l - a ring of wizardry
 z - a +4 ring of protection (right hand)
 I - a ring of fire
 M - a +4 ring of slaying (left hand)
 Z - a +4 ring of evasion
Wands
 h - a wand of iceblast (9)
 C - a wand of polymorph (6)
 P - a wand of flame (25)
 T - a wand of mindburst (6)
 U - a wand of digging (14)
 V - a wand of quicksilver (4)
Scrolls
 d - 5 scrolls of enchant armour
 k - a scroll of summoning
 o - 3 scrolls of enchant weapon
 p - 5 scrolls of teleportation
 t - 5 scrolls of immolation
 y - 5 scrolls of blinking
 E - a scroll of fear
 K - 5 scrolls of amnesia
 O - 3 scrolls of magic mapping
 X - 2 scrolls of torment {unknown}
Potions
 f - a potion of might
 g - 4 potions of haste
 m - 6 potions of flight
 n - 4 potions of mutation
 q - 2 potions of lignification
 u - 2 potions of berserk rage
 v - 2 potions of cancellation {unknown}
 w - a potion of resistance
 x - a potion of experience {unknown}
 B - 3 potions of attraction
 D - 2 potions of magic {unknown}
 H - 3 potions of brilliance {unknown}
 J - a potion of invisibility {unknown}


   Skills:
 + Level 12.8(17.8) Fighting
 - Level 14.8(19.8) Maces & Flails
 + Level 4.9(9.9) Throwing
 - Level 10.6(15.6) Armour
 + Level 2.9(7.9) Dodging
 - Level 3.8(8.8) Stealth
 - Level 4.8(9.8) Shields
 * Level 9.0 Translocations
 - Level 7.0 Fire Magic
 + Level 5.9 Invocations


You had 8 spell levels left.
You knew the following spells:

 Your Spells              Type           Power      Damage    Failure   Level
a - Scorch                Fire           32%        2d6       16%         2
b - Gell's Gravitas       Tloc           21%        N/A       14%         3

Your spell library contained the following spells:

 Spells                   Type           Power      Damage    Failure   Level
 Teleport Other           Tloc           21%        N/A       14%         3
 Foxfire                  Conj/Fire      32%        2x1d5     41%         1
 Portal Projectile        Hex/Tloc       20%        N/A       65%         3
 Conjure Flame            Conj/Fire      8%         6-21      78%         3
 Inner Flame              Hex/Fire       8%         N/A       78%         3
 Iskenderun's Mystic Bla  Conj/Tloc      10%        2d4       96%         4
 Flame Wave               Conj/Fire      8%         2d5       99%         4
 Corpse Rot               Necr/Pois/Air  0%         N/A       100%        4
 Dispel Undead            Necr           0%         3d6       100%        4
 Fulminant Prism          Conj/Hex       0%         3d6       100%        4
 Leda's Liquefaction      Hex/Erth       0%         N/A       100%        4
 Petrify                  Tmut/Erth      0%         N/A       100%        4
 Blade Hands              Tmut           0%         N/A       100%        5
 Lee's Rapid Deconstruct  Erth           0%         3d5*      100%        5
 Metabolic Englaciation   Hex/Ice        0%         N/A       100%        5
 Dispersal                Tloc           10%        N/A       100%        6
 Summon Small Mammal      Summ           Unusable   N/A       N/A         1
 Call Canine Familiar     Summ           Unusable   N/A       N/A         3
 Summon Guardian Golem    Hex/Summ       Unusable   N/A       N/A         3
 Tukima's Dance           Hex            Unusable   N/A       N/A         3
 Death Channel            Necr           Unusable   N/A       N/A         6
 Statue Form              Tmut/Erth      Unusable   N/A       N/A         6
 Summon Cactus Giant      Summ           Unusable   N/A       N/A         6

Dungeon Overview and Level Annotations

Branches:
Dungeon (12/15)            Temple (1/1) D:6            Lair (5/5) D:10
 Shoals (0/4) Lair:3        Snake (0/4) Lair:2        Slime (0/5) Lair:4
    Orc (0/2) D:11          Sewer (visited)          Bailey (visited)

Altars:
Ashenzari
Cheibriados
Dithmenos
Elyvilon
Fedhas
Gozag
Hepliaklqana
Kikubaaqudgha
Makhleb
Nemelex Xobeh
Okawaru
Qazlal
Ru
Sif Muna
Trog
Uskayaw
Wu Jian
Xom
Yredelemnul
Zin
The Shining One
Jiyva

Shops:
D:6 *(   D:10 (

Annotations:
D:2 Sigmund
D:11 2 transporters, Mitcholas's ghost, journeyman DsFi
Lair:5 1 runed translucent door, FexLirch's ghost, journeyman MeEE


Innate Abilities, Weirdness & Mutations

You are immune to sickness and miasma.
Your stone body is resilient. (AC +10)
You are immune to poison.
Your large and strong wings let you fly.
You resist negative energy. (rN+)
You are resistant to electric shocks. (rElec)
You are resistant to unholy torment.
You are immune to petrification.


Message History

The enormous slime creature is heavily wounded.
The enormous slime creature hits you.
Two slime creatures merge to form a titanic slime creature.
You hit the titanic slime creature.
The titanic slime creature is heavily wounded.
You hit the titanic slime creature.
The titanic slime creature is heavily wounded.
The titanic slime creature hits you!!!
Ouch! That really hurt!
You hit the titanic slime creature.
The titanic slime creature is heavily wounded.
The titanic slime creature hits you!!
* * * LOW HITPOINT WARNING * * *
You puncture the titanic slime creature!
The titanic slime creature is heavily wounded.
The titanic slime creature completely misses you.
You feel much better. The titanic slime creature hits you!
* * * LOW HITPOINT WARNING * * *
You can now deal lightning-fast blows.
The titanic slime creature hits you.
* * * LOW HITPOINT WARNING * * *
You gain the combat prowess of a mighty hero.
The titanic slime creature closely misses you.
You completely miss the titanic slime creature.
The titanic slime creature is heavily wounded.
You bludgeon the titanic slime creature!!
The titanic slime creature is heavily wounded.
You feel better.
The titanic slime creature barely misses you.
You puncture the titanic slime creature!
The titanic slime creature is heavily wounded.
The titanic slime creature hits you but does no damage.
You barely miss the titanic slime creature.
The titanic slime creature is heavily wounded.
You impale the titanic slime creature!!
The titanic slime creature is severely wounded.
You completely miss the titanic slime creature.
The titanic slime creature is severely wounded.
The titanic slime creature hits you!!!
You die...

#. #.# ... #.
#.# . #.##.#
... # #.#..#
#.... ##
#....###......
####.
#.....@J......
+....
##...####.....
###.. ##..#
.). #.# ##.###
. #.# #...#
######.# ###.#
#....... #.#
#.##.####.#
#.# #.## # #.#
#.#
##.##.####.#


You could see a titanic slime creature.

Vanquished Creatures
  Gastronok (D:10)
  A quicksilver ooze (Lair:4)
  A fire dragon (Lair:5)
  6 hydras
  2 two-headed ogres
  4 death yaks (Lair:4)
  Sonja (Lair:4)
  A lindwurm (Lair:5)
  Maurice (D:8)
  3 molten gargoyles (Lair:5)
  18 elephants
  2 gargoyles (D:11)
  6 black mambas
  3 torpor snails (Lair:1)
  8 cane toads
  A kobold demonologist (D:11)
  18 komodo dragons
  5 polar bears
  2 trolls
  A snapping turtle (Lair:3)
  19 blink frogs
  A hornet (D:10)
  5 slime creatures
  A vampire (D:12)
  7 wyverns
  60 yaks
  A wraith (D:10)
  Eustachio (D:4)
  6 humans (Bailey)
  5 basilisks
  6 vampire mosquitoes (D:11)
  2 nagas (Lair:2)
  An acid dragon (D:10)
  23 water moccasins
  3 hell hounds (Lair:5)
  An ice beast (D:7)
  3 orc warriors
  6 black bears
  A sky beast (D:7)
  11 wolves
  5 centaurs
  2 kobold brigands (D:8)
  15 bullfrogs
  2 gnoll sergeants (D:11)
  3 necrophages (D:5)
  2 scorpions (D:5)
  4 wights
  A howler monkey (D:8)
  4 electric eels
  5 lava snakes (Lair:5)
  5 hounds
  13 jellies
  A gnoll bouda (D:7)
  6 orc priests
  3 iguanas
  Natasha (thrice) (D:4)
  16 orc wizards
  3 hell rats (Lair:2)
  8 adders
  17 gnolls
  15 river rats
  An ufetubus (D:5)
  3 dart slugs
  33 orcs
  6 bats
  22 endoplasms
  5 giant cockroaches
  6 hobgoblins
  10 jackals
  12 kobolds
  8 quokkas (Lair:2)
  8 ball pythons
  4 frilled lizards
  11 goblins
  15 rats
525 creatures vanquished.

Vanquished Creatures (collateral kills)
  An orc (D:3)
  A giant cockroach (D:3)
  A quokka (D:3)
  A bat (D:3)
4 creatures vanquished.

Vanquished Creatures (others)
  17 fungi
  20 plants
37 creatures vanquished.

Grand Total: 566 creatures vanquished

Notes
Turn   | Place    | Note
-------+----------+-------------------------------------------
     0 | D:1      | fishmans the Gargoyle Fighter began the quest for the Orb.
     0 | D:1      | Reached XP level 1. HP: 14/14 MP: 1/1
   137 | D:1      | Reached XP level 2. HP: 14/19 MP: 2/2
   365 | D:1      | Reached skill level 3 in Maces & Flails
   741 | D:1      | Reached XP level 3. HP: 20/23 MP: 3/3
  1363 | D:2      | Reached skill level 4 in Maces & Flails
  1472 | D:2      | Reached XP level 4. HP: 25/28 MP: 4/4
  1806 | D:2      | Learned a level 2 spell: Scorch
  1935 | D:2      | Noticed Sigmund
  2001 | D:3      | Reached skill level 5 in Maces & Flails
  2001 | D:3      | Reached XP level 5. HP: 18/32 MP: 5/5
  2191 | D:3      | Found a faded altar of an unknown god.
  2671 | D:4      | Noticed Eustachio
  2844 | D:4      | Killed Eustachio
  2845 | D:4      | Reached skill level 6 in Maces & Flails
  2845 | D:4      | Reached XP level 6. HP: 33/37 MP: 6/6
  3056 | D:4      | Noticed Natasha
  3081 | D:4      | Killed Natasha
  3368 | D:4      | Noticed Natasha
  3373 | D:4      | Killed Natasha
  3374 | D:4      | Reached skill level 7 in Maces & Flails
  3395 | D:4      | Noticed Natasha
  3402 | D:4      | Killed Natasha
  3497 | D:4      | Reached XP level 7. HP: 41/41 MP: 7/7
  3693 | D:4      | Reached skill level 8 in Maces & Flails
  3841 | D:5      | Entered Level 5 of the Dungeon
  4031 | D:5      | Found a glowing drain.
  4042 | Sewer    | Entered a sewer
  4116 | Sewer    | Reached skill level 9 in Maces & Flails
  4116 | Sewer    | Reached XP level 8. HP: 46/46 MP: 8/8
  4432 | D:5      | Reached skill level 10 in Maces & Flails
  4879 | D:5      | Found a shadowy altar of Dithmenos.
  4972 | D:6      | Found Yxovvegh's CLEARANCE SALE!.
  5235 | D:6      | Found a staircase to the Ecumenical Temple.
  5247 | Temple   | Entered the Ecumenical Temple
  5359 | Temple   | Became a worshipper of Warmaster Okawaru
  5642 | D:6      | Found Umoprig's Weapon Shop.
  5793 | D:6      | Bought the +1 flail of the Beast {vorpal, Str+2} for 299
                  | gold pieces
  5934 | D:6      | Reached skill level 11 in Maces & Flails
  6035 | D:7      | Found a glowing golden altar of the Shining One.
  6036 | D:7      | Found a stormy altar of Qazlal.
  6099 | D:7      | Found an ancient bone altar of Kikubaaqudgha.
  6218 | D:7      | Reached XP level 9. HP: 51/51 MP: 9/9
  6399 | D:6      | Reached * piety under Okawaru
  6585 | D:7      | Reached skill level 12 in Maces & Flails
  7459 | D:8      | Found a flagged portal.
  7559 | D:8      | Reached ** piety under Okawaru
  7575 | D:8      | Reached skill level 13 in Maces & Flails
  7738 | Bailey   | Entered a bailey
  7765 | Bailey   | Reached XP level 10. HP: 34/56 MP: 10/10
  7792 | Bailey   | Reached skill level 14 in Maces & Flails
  8086 | Bailey   | Reached *** piety under Okawaru
  8170 | Bailey   | Noticed Prince Ribbit
  8170 | Bailey   | Noticed a vault guard
  8367 | D:8      | Noticed Maurice
  8380 | D:8      | Killed Maurice
  8381 | D:8      | Reached skill level 1 in Fire Magic
  8384 | D:8      | Received a gift from Okawaru
  8804 | D:9      | Noticed a two-headed ogre
  9332 | D:9      | Found a hazy altar of Hepliaklqana.
  9548 | D:9      | Reached **** piety under Okawaru
  9651 | D:9      | Killed a two-headed ogre
  9652 | D:9      | Reached skill level 5 in Fighting
  9652 | D:9      | Reached skill level 5 in Armour
 10011 | D:8      | Reached XP level 11. HP: 62/64 MP: 11/11
 10662 | D:10     | Entered Level 10 of the Dungeon
 11078 | D:10     | Found a staircase to the Lair.
 11109 | D:10     | Reached ***** piety under Okawaru
 11113 | D:10     | Noticed Gastronok
 11511 | D:10     | Found Xeumes's Weapon Boutique.
 11615 | D:10     | Killed Gastronok
 11616 | D:10     | Reached skill level 5 in Fire Magic
 12308 | Lair:1   | Entered Level 1 of the Lair of Beasts
 13278 | Lair:1   | Found a snail-covered altar of Cheibriados.
 13901 | Lair:1   | Received a gift from Okawaru
 13902 | Lair:1   | Reached XP level 12. HP: 50/74 MP: 12/12
 14636 | Lair:1   | Learned a level 3 spell: Gell's Gravitas
 15015 | Lair:1   | Reached skill level 1 in Translocations
 15952 | Lair:1   | Identified the +11 shadow dragon scales "Ufouge" {rCorr
                  | Stlth++++} (Okawaru gifted it to you on level 1 of the Lair
                  | of Beasts)
 15952 | Lair:1   | Received a gift from Okawaru
 16150 | Lair:2   | Found a staircase to the Snake Pit.
 16186 | Lair:2   | Reached skill level 1 in Stealth
 16240 | Lair:2   | Noticed a six-headed hydra
 16257 | Lair:2   | Killed a six-headed hydra
 16257 | Lair:2   | Reached ****** piety under Okawaru
 16442 | Lair:2   | Reached skill level 1 in Dodging
 16830 | Lair:2   | Reached skill level 10 in Fighting
 16849 | Lair:2   | Reached skill level 10 in Armour
 16937 | Lair:2   | Reached XP level 13. HP: 54/82 MP: 13/13
 17925 | Lair:3   | You fall into a shaft and drop 1 floor!
 18403 | Lair:3   | Reached skill level 5 in Translocations
 18511 | Lair:3   | Received a gift from Okawaru
 18825 | Lair:3   | Found a staircase to the Shoals.
 19542 | Lair:4   | Reached skill level 1 in Invocations
 19583 | Lair:4   | Reached skill level 1 in Throwing
 19683 | Lair:4   | Noticed a quicksilver ooze
 19696 | Lair:4   | Killed a quicksilver ooze
 19972 | Lair:4   | Received a gift from Okawaru
 20299 | Lair:4   | Noticed Sonja
 20324 | Lair:4   | Killed Sonja
 20639 | Lair:4   | Found a runed translucent door.
 20640 | Lair:4   | Found a viscous altar of Jiyva.
 20641 | Lair:4   | Found a staircase to the Slime Pits.
 20722 | Lair:5   | Entered Level 5 of the Lair of Beasts
 21048 | Lair:4   | Received a gift from Okawaru
 21098 | Lair:4   | Gained mutation: Your large and strong wings let you fly.
                  | [Gargoyle growth]
 21098 | Lair:4   | Reached XP level 14. HP: 91/91 MP: 16/16
 21447 | Lair:5   | Found an opulent altar of Gozag.
 21464 | Lair:5   | Found a runed translucent door.
 22376 | Lair:5   | Reached skill level 5 in Invocations
 22451 | Lair:5   | Received a gift from Okawaru
 22894 | Lair:5   | Found a large runed translucent door.
 22894 | Lair:5   | Found a large runed translucent door.
 23015 | Lair:5   | Received a gift from Okawaru
 23695 | Lair:5   | Noticed FexLirch's ghost (journeyman MeEE)
 24305 | D:11     | Noticed Mitcholas's ghost (journeyman DsFi)
 24309 | D:11     | Found a transporter.
 24317 | D:11     | Found a transporter.
 24333 | D:11     | Found a broken altar of Ashenzari.
 24418 | D:11     | Found a staircase to the Orcish Mines.
 25824 | D:12     | Demolished by a titanic slime creature

Illustrated notes

Levels and vault maps discovered:
D:1:      mainiacjoe_arrival_reflecting_pool, layout_loops_ring,
          ebering_dispersal_statue_hall
D:2:      layout_basic, uniq_sigmund
D:3:      layout_rooms, shapermc_ecumenical_altar_venn
D:4:      layout_rooms, uniq_natasha, uniq_eustachio
D:5:      layout_loops_ring, nicolae_dithmenos_through_a_glass_darkly,
          portal_sewer_entry_c
D:6:      layout_cave_pools, minmay_temple_entry_water_ring, serial_shops,
          nicolae_shop_bloodbath_and_beyond, nicolae_shop_clearance
D:7:      layout_cave_pools, nicolae_overflow_hidden_temple
D:8:      layout_rooms, enter_bailey_5, uniq_maurice
D:9:      layout_roguey, amcnicky_altar_gilded
D:10:     layout_basic, erik_lair_island, serial_shops, nicolae_shop_waterfront,
          uniq_gastronok
D:11:     layout_basic, orc_0_dummy, gammafunk_ghost_arena,
          nicolae_benzene_ring, ashenzari_conservatory_becter
D:12:     layout_loops_corners, uniq_psyche
Temple:   nicolae_temple_bog_church
Lair:1:   lemuel_slime, layout_cellular_growth, st_stairs_4,
          kennysheep_snail_temple, grunt_megastairs_2, serial_bayou_shore_a
Lair:2:   lemuel_ratsnest, layout_big_grid, guppyfry_snake_entry_garden,
          st_stairs_4, grunt_megastairs_5
Lair:3:   layout_loops_ring, minmay_shoals_entry_hut
Lair:4:   layout_regular_city, slime_entry_2, nicolae_lair_time_for_slime,
          infiniplex_staircase_pool, uniq_sonja
Lair:5:   cheibrodos_lair_end_hotspot, layout_hall_layers, basic_altar,
          ebering_ghost_reflecting_pool, lookout_lair_type

Skill      XL: |  1  2  3  4  5  6  7  8  9 10 11 12 13 14 |
---------------+-------------------------------------------+-----
Maces & Flails | 3 4 5 6 7 9 11 13 14 | 14.8
Fire Magic     | 3 6 7 |  7.0
Fighting       | 5 8 10 11 12 | 12.8
Armour         | 5 8 10 | 10.6
Translocations | 4 6 9 |  9.0
Stealth        | 2 3 |  3.8
Dodging        | 1 2 |  2.9
Shields        | 4 |  4.8
Invocations    | 3 5 |  5.9
Throwing       | 2 4 |  4.9

Action                   |  1- 3 |  4- 6 |  7- 9 | 10-12 | 13-15 || total
-------------------------+-------+-------+-------+-------+-------++-------
Melee: Flail             |   139 |    76 |   297 |   903 |   335 ||  1750
       Unarmed           |       |       |       |     8 |       ||     8
       Morningstar       |       |       |       |       |   577 ||   577
Throw: Dart              |       |       |       |     3 |    20 ||    23
 Cast: Scorch            |       |       |       |     9 |     4 ||    13
Invok: Heroism           |       |       |       |    11 |     3 ||    14
       Finesse           |       |       |       |       |     2 ||     2
  Use: Scroll            |     1 |    10 |     3 |     7 |     3 ||    24
       Potion            |       |     2 |     1 |     6 |     2 ||    11
 Stab: Sleeping          |       |       |       |       |     5 ||     5
       Distracted        |       |       |       |       |     2 ||     2
Armor: Scale mail        |   103 |    93 |   137 |    50 |       ||   383
       Chain mail        |       |       |       |   338 |       ||   338
       Skin              |       |       |       |     1 |       ||     1
       Shadow dragon sca |       |       |       |   120 |   650 ||   770
Dodge: Dodged            |    86 |    84 |    91 |   262 |   313 ||   836
Block: Buckler           |    33 |    31 |    30 |   122 |   173 ||   389
